 Dungeon Crawl Stone Soup version 0.20.1-1-g8b1a95d (webtiles) character file.

1625 Lanoc the Cudgeler (level 8, 0/79 HPs)
             Began as a Troll Abyssal Knight on Dec 2, 2017.
             Was a Believer of Lugonu.
             Succumbed to a water moccasin's poison
             ... on level 7 of the Dungeon.
             The game lasted 00:13:52 (3734 turns).

Lanoc the Cudgeler (Troll Abyssal Knight)           Turns: 3734, Time: 00:13:53

Health: 0/79       AC:  6    Str: 23    XL:     8   Next: 65%
Magic:  9/10       EV: 11    Int:  8    God:    Lugonu [**....]
Gold:   376        SH:  0    Dex:  9    Spells: 7/7 levels left

rFire    . . .     SeeInvis .   a - +1 mace
rCold    + . .     Gourm    +   (no shield)
rNeg     . . .     Faith    .   i - +1 robe {rC+}
rPois    .         Spirit   .   (helmet restricted)
rElec    .         Reflect  .   (no cloak)
rCorr    .         Harm     .   (gloves unavailable)
MR       .....                  (boots unavailable)
Stlth    +.........             (no amulet)
Regen    0.7/turn               (no ring)
MPRegen  0.2/turn               (no ring)

@: lethally poisoned (0 -> -8)
A: unfitting armour, claws 3, fast metabolism 3, gourmand, regeneration 1,
shaggy fur 1, tough skin 2
a: Depart the Abyss, Bend Space, Renounce Religion


You were on level 7 of the Dungeon.
You worshipped Lugonu.
Lugonu was pleased with you.
You were completely stuffed.

You visited 1 branch of the dungeon, and saw 7 of its levels.
You visited the Abyss 1 time.

You collected 376 gold pieces.

Inventory:

Hand Weapons
 a - a +1 mace (weapon)
 f - a +1 whip of holy wrath
 r - a +0 giant spiked club
Armour
 i - a +1 robe of cold resistance (worn)
Wands
 n - a wand of iceblast (12/15)
Scrolls
 e - 3 scrolls of fog
 h - a scroll of fear
 p - a scroll of remove curse {unknown}
 s - a scroll of recharging
Potions
 b - a potion of invisibility
 m - 2 potions of lignification
Books
 l - a book of Changes

   Spells                             Type                      Level
   a - Beastly Appendage              Transmutation                1
   b - Sticks to Snakes               Transmutation                2
   c - Spider Form                    Transmutation/Poison         3
   d - Ice Form                       Ice/Transmutation            4
   e - Blade Hands                    Transmutation                5
 q - a book of Callings

   Spells                             Type                      Level
   a - Summon Small Mammal            Summoning                    1
   b - Call Imp                       Summoning                    2
   c - Call Canine Familiar           Summoning                    3
   d - Summon Guardian Golem          Hexes/Summoning              3
   e - Summon Lightning Spire         Summoning/Air                4
   f - Summon Ice Beast               Ice/Summoning                4
Comestibles
 c - 3 bread rations
 d - 4 fruits
 g - a meat ration
 k - a royal jelly
 o - a chunk of flesh


   Skills:
 + Level 4.4 Fighting
 * Level 5.9 Maces & Flails
 + Level 3.4 Armour
 + Level 4.1 Dodging
 + Level 4.4 Invocations


You had 7 spell levels left.
You didn't know any spells.

Dungeon Overview and Level Annotations

Branches:
Dungeon (7/15)             Temple (0/1) D:4

Altars:
Dithmenos
Uskayaw
Yredelemnul
Zin

Shops:
D:4 %   D:6 [


Innate Abilities, Weirdness & Mutations

You are too large for most types of armour.
You have claws for hands.
Your metabolism is lightning-fast.
You like to eat raw meat.
Your natural rate of healing is unusually fast.
You are covered in fur. (AC +1)
You have very tough skin. (AC +2)


Message History

* * * LOW HITPOINT WARNING * * *
You are lethally poisoned!
The water moccasin poisons you! The water moccasin barely misses you.
You hit the water moccasin.
The water moccasin is severely wounded.
* * * LOW HITPOINT WARNING * * *
You feel very sick. The water moccasin bites you.
* * * LOW HITPOINT WARNING * * *
You miss the water moccasin.
The water moccasin is severely wounded.
* * * LOW HITPOINT WARNING * * *
You feel sick.
The water moccasin barely misses you. x2
Space bends around you!
You blink.
* * * LOW HITPOINT WARNING * * *
You feel sick.
* * * LOW HITPOINT WARNING * * *
You feel sick.
Found a fruit.
You die...

....%.....#
#..........##
............#
............##
.............# ...
.............## #...
..............##..#
..............#..#
.......@S.......#
................#
............#..###.#
...................#
............##......
.......##..## .....
# #...####..## ....
############# ##.##
...
....>.....######.##
..


You could see a water moccasin.

Vanquished Creatures
  Grinder (D:5)
  The ghost of Lanoc the Sneak, an amateur OpAs (D:3)
  Sigmund (D:5)
  2 ice beasts (D:6)
  3 ogres
  A centaur (D:6)
  2 bullfrogs
  A scorpion (D:6)
  A crimson imp (D:6)
  A jelly (D:6)
  A hound (D:4)
  A centaur skeleton (D:4)
  6 worker ants
  A hound zombie (D:5)
  4 gnolls (D:5)
  3 adders
  A shadow imp (D:6)
  An adder skeleton (D:4)
  A worm (D:5)
  A leopard gecko (D:4)
  A ball python (D:6)
  3 giant cockroaches
  A goblin (D:2)
  2 hobgoblins
  4 jackals
  A quokka (D:4)
  4 bats
  3 frilled lizards
  7 kobolds
  A leopard gecko skeleton (D:6)
  10 rats
71 creatures vanquished.

Notes
Turn   | Place    | Note
-------+----------+-------------------------------------------
     0 | Abyss:1  | Lanoc the Troll Abyssal Knight began the quest for the Orb.
     0 | Abyss:1  | Reached XP level 1. HP: 22/22 MP: 1/1
    21 | Abyss:1  | Found a corrupted altar of Lugonu.
    60 | Abyss:1  | Noticed a thrashing horror
    62 | D:1      | Escaped the Abyss
   256 | D:1      | Reached * piety under Lugonu
   256 | D:1      | Reached skill level 2 in Maces & Flails
   293 | D:1      | Reached XP level 2. HP: 29/29 MP: 2/2
   808 | D:2      | Reached XP level 3. HP: 25/36 MP: 3/3
  1187 | D:3      | Noticed Lanoc's ghost (amateur OpAs)
  1215 | D:3      | Killed Lanoc's ghost
  1215 | D:3      | Reached skill level 3 in Maces & Flails
  1215 | D:3      | Reached skill level 1 in Armour
  1215 | D:3      | Reached XP level 4. HP: 23/45 MP: 4/4
  1215 | D:3      | Reached XP level 5. HP: 27/53 MP: 5/5
  1350 | D:4      | Reached XP level 6. HP: 48/61 MP: 6/6
  1586 | D:4      | Found a staircase to the Ecumenical Temple.
  1651 | D:4      | Reached skill level 4 in Maces & Flails
  1814 | D:4      | Found a hide-covered altar of Uskayaw.
  1817 | D:4      | Found a glowing silver altar of Zin.
  1820 | D:4      | Found a basalt altar of Yredelemnul.
  1920 | D:4      | Found Apritesk's Food Boutique.
  1999 | D:5      | Entered Level 5 of the Dungeon
  2017 | D:5      | Reached XP level 7. HP: 6/67 MP: 8/8
  2498 | D:5      | Noticed Sigmund
  2517 | D:5      | Killed Sigmund
  2714 | D:5      | Noticed Grinder
  2723 | D:5      | Paralysed by Grinder for 2 turns
  2748 | D:5      | Killed Grinder
  2748 | D:5      | Reached skill level 5 in Maces & Flails
  2748 | D:5      | Reached XP level 8. HP: 16/78 MP: 9/9
  3255 | D:6      | Found Vuojy's Armour Shoppe.
  3311 | D:6      | Reached ** piety under Lugonu
  3500 | D:6      | Found a shadowy altar of Dithmenos.
  3732 | D:7      | HP: 3/79 [poisoned by a water moccasin]
  3734 | D:7      | Succumbed to a water moccasin's poison

Skill      XL: |  1  2  3  4  5  6  7  8 |
---------------+-------------------------+-----
Dodging        | 2 3 4 |  4.1
Maces & Flails | 2 3 4 5 |  5.9
Fighting       | 3 4 |  4.4
Armour         | 1 2 3 |  3.4
Invocations    | 2 3 4 |  4.4

Action                   |  1- 3 |  4- 6 |  7- 9 || total
-------------------------+-------+-------+-------++-------
Melee: Mace              |    16 |       |   104 ||   120
       Whip              |   145 |    69 |   135 ||   349
Invok: Depart the Abyss  |     1 |       |       ||     1
       Bend Space        |       |       |     2 ||     2
  Use: Scroll            |       |     6 |     3 ||     9
       Potion            |       |       |     4 ||     4
 Stab: Sleeping          |     1 |       |     2 ||     3
  Eat: Chunk             |    12 |     7 |    17 ||    36
       Bread ration      |     1 |       |       ||     1
Armor: Robe              |    75 |    15 |    55 ||   145
Dodge: Dodged            |    96 |    26 |   110 ||   232
